 Dungeon Crawl Stone Soup version 0.30-a0-49-g1cef19eb02 (webtiles) character file.

Game seed: 3162818890953397258

61 ytrimaz the Insei (level 4, 0/42 HPs)
             Began as an Octopode Transmuter on Sept 2, 2022.
             Slain by a goblin
             ... wielding a +0 dagger
             ... led by Robin
              (1 damage)
             ... on level 2 of the Dungeon.
             The game lasted 00:02:17 (1829 turns).

ytrimaz the Insei (Octopode Transmuter)             Turns: 1829, Time: 00:02:18

Health: 0/42       AC: 22    Str:  8 (9)  XL:     4   Next: 7%
Magic:  5/7        EV:  2    Int: 15 (17) God:
Gold:   31         SH:  0    Dex: 10 (12) Spells: 1/7 levels left

rFire   . . .      SeeInvis .      - Unarmed
rCold   . . .      Faith    .    (no shield)
rNeg    . . .      Spirit   .    (helmet currently unavailable)
rPois   +          Reflect  .    (no amulet)
rElec   .          Harm     .    (no ring)
rCorr   .          Rampage  .    (no ring)
Will    .....      NoTele   +    (no ring)
Stlth   +.........               (no ring)
HPRegen 0.14/turn                (no ring)
MPRegen 0.10/turn                (no ring)
                                 (no ring)
                                 (no ring)

@: tree-form, wereblooded (expiring)
A: stationary, stasis, torment immunity, boosted hp, almost no armour,
(amphibious), 8 rings, (camouflage 1), (gelatinous body 1), (nimble swimmer 1),
(tentacles)
a: no special abilities


You were on level 2 of the Dungeon.
You were a tree.
You visited 1 branch of the dungeon, and saw 2 of its levels.

You collected 31 gold pieces.


Innate Abilities, Weirdness & Mutations

You are a tree.
Your roots penetrate the ground, keeping you stationary.
You cannot be teleported.
You are immune to unholy pain and torment.
Your maximum health is greatly increased.
You cannot wear most types of armour.
((You are amphibious.))
You can wear up to eight rings at the same time.
((Your skin changes colour to match your surroundings (Stealth+).))
((Your rubbery body absorbs attacks. (AC +1, EV +1)))
((You are camouflaged when in or above water. (Stealth+)))
((You have tentacles for arms and can constrict up to eight enemies at once.))


   Skills:
 - Level 1.0 Fighting
 - Level 2.0 Dodging
 - Level 4.1 Unarmed Combat
 + Level 2.2 Spellcasting
 + Level 2.2 Transmutations
 * Level 1.8 Poison Magic


You had one spell level left.
You knew the following spells:

 Your Spells              Type           Power      Damage    Failure   Level
a - Beastly Appendage     Tmut           16%        N/A       9%          1
b - Wereblood             Tmut           8%         N/A       13%         2
c - Spider Form           Tmut/Pois      7%         N/A       28%         3

Your spell library contained the following spells:

 Spells                   Type           Power      Damage    Failure   Level
 Ice Form                 Ice/Tmut       5%         N/A       80%         4

Inventory:

Missiles
 b - 8 stones {throwing}
Scrolls
 f - a scroll of poison {unknown}
Potions
 d - a potion of brilliance
 e - a potion of berserk rage {unknown}

Dungeon Overview and Level Annotations

Branches:
Dungeon (2/15) Zot: 10176

Altars:

#.....### #............
#.......###............
#...โ€ ...##.......<.....
#....................>.
#####....#.........#.รทรท
##.............#...
#.##..........#...
#####gg...........#...
#..ggโ™ฃg...............
......SgJ.>.............
..#...g.................
........................
........................
....g..........####.....
#.......................
........................
.......#..####....


You could see an adder, an endoplasm, 2 hobgoblins and 6 goblins.


Message History

๐Ÿ˜• HP[+1]
You cannot move.
You hit the hobgoblin. The hobgoblin hits you.
The endoplasm hits you but does no damage.
The goblin hits you but does no damage.
Robin roars a battlecry!
The goblins go into a battle-frenzy!
The goblin hits you but does no damage.
The hobgoblin hits you but does no damage.
The goblin hits you but does no damage. ๐Ÿ˜• HP[-2]
You take 2 damage, and now have 27/34 hp.
Unknown command.
You hit the hobgoblin but do no damage. You barely miss the hobgoblin.
The goblin hits you with a +0 dagger.
A hobgoblin comes into view.
The endoplasm hits you but does no damage.
The hobgoblin hits you.
The goblin hits you but does no damage. x2 ๐Ÿ˜ฎ HP[-2]
You take 2 damage, and now have 25/34 hp.
You smack the hobgoblin!
You feel a bit better.
You kill the hobgoblin!
Robin throws the goblin at you! The hobgoblin hits you.
The goblin hits you but does no damage. x3
The endoplasm hits you but does no damage.
The goblin hits you but does no damage.
Unknown command. ๐Ÿ˜ฎ HP[-3]
You take 3 damage, and now have 22/34 hp.
You are too injured to fight recklessly!
Unknown command.
You are too injured to fight recklessly!
You are too injured to fight recklessly!
You smack the goblin!
You feel a bit better.
You kill the goblin!
You creak as the wereblood boils in your veins!
The goblin hits you but does no damage.
Robin says, "Bow before me, strongest of all the hobgoblins!"
The goblin hits you but does no damage.
The endoplasm hits you but does no damage.
The hobgoblin hits you.
The goblin hits you but does no damage. ๐Ÿ˜ฎ HP[-3]
You take 3 damage, and now have 19/34 hp.
Unknown command.
You smack Robin!
You hear a shout!
The kobold hits you but does no damage. The goblin hits you but does no damage.
Robin hits you but does no damage.
The hobgoblin hits you but does no damage.
The goblin hits you with a +0 club. The goblin hits you but does no damage.
The endoplasm freezes you.
You are frozen.
* * * LOW HITPOINT WARNING * * *
๐Ÿ˜จ HP[-5]
You take 5 damage, and now have 14/34 hp.
You are too injured to fight recklessly!
You smack the kobold!
You feel a bit better.
You kill the kobold!
Robin hits you with a +4 mace of protection!
* * * LOW HITPOINT WARNING * * *
A goblin comes into view. It is wielding a +0 club.
The goblin hits you but does no damage. The endoplasm freezes you.
You are frozen.
* * * LOW HITPOINT WARNING * * *
The goblin completely misses you.
The hobgoblin hits you but does no damage.
The goblin hits you but does no damage. ๐Ÿ˜ฑ HP[-6]
You take 6 damage, and now have 8/34 hp.
You barely miss the adder.
Your primal bloodlust is almost over.
The adder bites you but does no damage. The goblin hits you with a +0 club.
* * * LOW HITPOINT WARNING * * *
The endoplasm freezes you.
You are frozen.
* * * LOW HITPOINT WARNING * * *
The goblin barely misses you.
The hobgoblin hits you but does no damage.
The goblin hits you but does no damage. The adder bites you but does no damage.
Unknown command. ๐Ÿ˜ฑ HP[-5]
You take 5 damage, and now have 3/34 hp.
You hit Robin.
You feel a bit better.
You kill Robin!
The hobgoblin hits you but does no damage.
The goblin hits you but does no damage. x2; The goblin hits you with a +0 club.
* * * LOW HITPOINT WARNING * * *
The endoplasm barely misses you. The adder bites you but does no damage.
You have reached level 4! ๐Ÿ˜ฑ HP[+1]
You now have 42 max hp (+8).
It was a potion of degeneration.
There was something very wrong with that liquid.
You feel weakened.
You feel dopey.
You feel clumsy.
The hobgoblin hits you but does no damage.
The adder bites you.
* * * LOW HITPOINT WARNING * * *
The goblin hits you with a +0 dagger.
You die...

Skill      XL: |  1  2  3 |
---------------+----------+-----
Unarmed Combat | 4 |  4.1
Poison Magic   | 1 |  1.8
Fighting       | |  1.0
Dodging        | |  2.0
Spellcasting   | |  2.2
Transmutations | |  2.2

Action                   |  1- 3 |  4- 6 || total
-------------------------+-------+-------++-------
Melee: Unarmed           |    94 |       ||    94
       Constrict         |    16 |       ||    16
       Tentacles         |    11 |       ||    11
       Kick              |     8 |       ||     8
       Punch             |     2 |       ||     2
 Cast: Beastly Appendage |    13 |       ||    13
       Wereblood         |     1 |       ||     1
  Use: Scroll            |     3 |       ||     3
       Potion            |     1 |     1 ||     2
 Stab: Sleeping          |     5 |       ||     5
Armor: Skin              |    56 |     1 ||    57
Dodge: Dodged            |    55 |       ||    55

Levels and vault maps discovered:
D:1:      erik_arrival_orb_chamber, layout_basic
D:2:      layout_rooms, serial_corexii_hall, chequers_hall_statues_y,
          corexii_hall_statues_i, corexii_hall_statues_t, uniq_robin

Notes
Turn   | Place    | Note
-------+----------+-------------------------------------------
     0 | D:1      | ytrimaz the Octopode Transmuter began the quest for the
                  | Orb.
     0 | D:1      | Reached XP level 1. HP: 13/13 MP: 3/3
     0 | D:1      | magus.rc [v1.9.6]
   269 | D:1      | Reached XP level 2. HP: 18/18 MP: 1/5
   892 | D:1      | Reached skill level 4 in Unarmed Combat
  1118 | D:1      | Reached XP level 3. HP: 21/23 MP: 6/6
  1121 | D:1      | Learned a level 2 spell: Wereblood
  1125 | D:1      | Learned a level 3 spell: Spider Form
  1411 | D:2      | Reached skill level 1 in Poison Magic
  1811 | D:2      | Noticed Robin
  1826 | D:2      | HP: 8/34 [frozen (2)]
  1827 | D:2      | HP: 3/34 [frozen (3)]
  1828 | D:2      | Killed Robin
  1829 | D:2      | Reached XP level 4. HP: 4/28 MP: 4/7
  1829 | D:2      | HP: 1/42 [adder (3)]
  1829 | D:2      | Slain by a goblin

Vanquished Creatures
  Robin (D:2)
  An adder (D:2)
  A worm (D:2)
  3 ball pythons (D:1)
  3 bats (D:1)
  8 endoplasms
  6 goblins
  3 hobgoblins
  2 quokkas
  A frilled lizard (D:1)
  2 kobolds
  4 rats (D:1)
35 creatures vanquished.

Table legend:
 A = Non-vault XP
 B = Vault XP
 C = Vault XP percentage of total XP
 D = Non-vault monster count
 E = Vault monster count
 F = Vault count percentage of total count
                 A         B        C        D         E       F
            +---------+---------+-------+---------+---------+-------
      Total |      64 |      24 |  27.3 |      30 |       5 |  14.3
            +---------+---------+-------+---------+---------+-------
        D:1 |      35 |       0 |   0.0 |      22 |       0 |   0.0
        D:2 |      29 |      24 |  45.3 |       8 |       5 |  38.5
            +---------+---------+-------+---------+---------+-------

Illustrated notes

Table legend:
 A = Kills in this place as a percentage of kills in entire the game.
 B = Kills by you in this place as a percentage of kills by you in the entire game.
 C = Kills by friends in this place as a percentage of kills by friends in the entire game.
 D = Other kills in this place as a percentage of other kills in the entire game.
 E = Experience gained in this place as a percentage of experience gained in the entire game.
 F = Experience gained in this place divided by the number of levels of this place that you have seen.
                   A       B       C       D       E      F
               +-------+-------+-------+-------+-------+----------------------
         Total | 100.0 | 100.0 |   N/A |   N/A | 100.0 |  44.0
       Dungeon | 100.0 | 100.0 |   N/A |   N/A | 100.0 |  44.0
               +-------+-------+-------+-------+-------+----------------------

Table legend: (Time is in decaauts)
 A = Elapsed time spent in this place.
 B = Non-inter-level travel time spent in this place.
 C = Inter-level travel time spent in this place.
 D = Time resting spent in this place.
 E = Time spent auto-exploring this place.
 F = Levels seen in this place.
 G = Mean time per level.
                   A        B        C        D        E       F      G
               +--------+--------+--------+--------+--------+-----+--------+
         Total |   1822 |   1775 |     47 |     87 |   1439 |   2 |  911.0 |
       Dungeon |   1822 |   1775 |     47 |     87 |   1439 |   2 |  911.0 |
               +--------+--------+--------+--------+--------+-----+--------+

Top non-repeatable levels by time:
     D:1: 1358 daAuts
     D:2: 463 daAuts
